 Dungeon Crawl Stone Soup version 0.24-a0-582-g4d4af813a0 (webtiles) character file.

Game seed: 15138195696625267475

159387 Ijustatesigmund the Blocker (level 17, -3/136 HPs)
             Began as a Gnoll Fighter on Aug 24, 2019.
             Was a High Priest of Okawaru.
             Slain by a shambling mangrove (17 damage)
             ... on level 3 of the Swamp on Aug 26, 2019.
             The game lasted 01:31:16 (33028 turns).

Ijustatesigmund the Blocker (Gnoll Fighter)        Turns: 33028, Time: 01:31:16

Health: -3/136     AC: 24    Str: 24    XL:     17   Next: 74%
Magic:  32/32      EV: 12    Int:  7    God:    Okawaru [*****.]
Gold:   992        SH: 26    Dex: 19    Spells: 38/39 levels left

rFire    + . .     SeeInvis +   P - +7 demon blade (flame)
rCold    + + +     Gourm    .   O - +1 large shield {rF+}
rNeg     . . .     Faith    .   b - +6 chain mail of Hedge Wizardry {*Slow rC+++ Slay+2 SInv}
rPois    .         Spirit   .   C - +2 hat {MR+}
rElec    .         Reflect  +   l - scarf {repulsion}
rCorr    +         Harm     .   t - +0 pair of gloves
MR       ++...                  d - +1 pair of boots {run}
Stlth    +++.......             y - +5 amulet of reflection
HPRegen  0.32/turn              H - +3 ring of strength
MPRegen  0.23/turn              L - ring of resist corrosion

@: about to teleport, grasped by roots, constricted, repel missiles, quick
A: distributed training, fangs 1, dopey 2, wild magic 1, sturdy frame 1, strong
nose
a: Heroism, Finesse, Renounce Religion


You were on level 3 of the Swamp.
You worshipped Okawaru.
Okawaru was extremely pleased with you.
You were hungry.

You visited 6 branches of the dungeon, and saw 29 of its levels.
You visited the Abyss 1 time.
You also visited: Gauntlet and Ice Cave.

You collected 3228 gold pieces.
You spent 2236 gold pieces at shops.

Inventory:

Hand Weapons
 a - a +6 flail
 P - a +7 demon blade of flaming (weapon)
Armour
 b - the +6 chain mail of Hedge Wizardry (worn) {*Slow rC+++ Slay+2 SInv}
   (You found it on level 6 of the Dungeon)

   It affects your accuracy and damage with ranged weapons and melee attacks
   (+2).
   It renders you almost immune to cold.
   It lets you see invisible.
   It may slow you when you take damage.
 d - a +1 pair of boots of running (worn)
 j - the +7 chain mail of Carr {Int+7}
   (You found it in a Gauntlet)

   It affects your intelligence (+7).
 l - a scarf of repulsion (worn)
 t - a +0 pair of gloves (worn)
 C - a +2 hat of magic resistance (worn)
 F - a +2 cloak
 M - a +2 pair of boots of flying
 O - a +1 large shield of fire resistance (worn)
Jewellery
 k - an uncursed ring of see invisible
 s - an uncursed amulet of regeneration
 u - an uncursed ring of wizardry
 y - a +5 amulet of reflection (around neck)
 A - an uncursed ring of protection from magic
 H - a +3 ring of strength (left hand)
 J - an uncursed amulet of rage
 L - a ring of resist corrosion (right hand)
 N - the amulet "Xuwk" {Harm *Drain rF++ rC- rN+++ Str+4}
   (You found it in a Gauntlet)

   [amulet of harm]

   It increases damage dealt and taken.
   It affects your strength (+4).
   It greatly protects you from fire.
   It makes you vulnerable to cold.
   It renders you almost immune to negative energy.
   It causes draining when unequipped.
Wands
 m - a wand of flame (35)
 p - a wand of enslavement (14)
 v - a wand of digging (22)
 D - a wand of acid (18)
 G - a wand of paralysis (13)
 Y - a wand of scattershot (3)
 Z - a wand of disintegration (25)
Scrolls
 c - 3 scrolls of immolation
 g - 12 scrolls of remove curse
 h - 12 scrolls of teleportation
 I - a scroll of brand weapon
 K - 5 scrolls of amnesia
 Q - 3 scrolls of fog
 S - 2 scrolls of silence
 U - 6 scrolls of blinking
 W - 7 scrolls of identify
 X - a scroll of holy word
Potions
 e - 5 potions of heal wounds
 i - 4 potions of magic
 n - 4 potions of flight
 o - 7 potions of lignification
 q - a potion of resistance
 r - 4 potions of agility
 w - 2 potions of ambrosia
 x - 2 potions of haste
 z - 2 potions of mutation
 B - 3 potions of curing
 R - 3 potions of brilliance
 T - 3 potions of cancellation
 V - a potion of might
Comestibles
 f - 33 rations


   Skills:
 + Level 13.0 Fighting
 + Level 11.5 Short Blades
 + Level 11.5 Long Blades
 + Level 11.5 Axes
 + Level 12.3 Maces & Flails
 + Level 11.5 Polearms
 + Level 11.5 Staves
 + Level 11.5 Slings
 + Level 11.5 Bows
 + Level 11.5 Crossbows
 + Level 11.5 Throwing
 + Level 13.0 Armour
 + Level 11.5 Dodging
 + Level 11.5 Stealth
 + Level 13.0 Shields
 + Level 11.5 Unarmed Combat
 + Level 11.5 Spellcasting
 + Level 9.8 Conjurations
 + Level 9.8 Hexes
 + Level 9.8 Charms
 + Level 9.8 Summonings
 + Level 9.8 Necromancy
 + Level 9.8 Translocations
 + Level 9.8 Transmutations
 + Level 9.8 Fire Magic
 + Level 9.8 Ice Magic
 + Level 9.8 Air Magic
 + Level 9.8 Earth Magic
 + Level 9.8 Poison Magic
 + Level 12.4 Invocations
 + Level 11.5 Evocations


You had 38 spell levels left.
You knew the following spells:

 Your Spells              Type           Power        Failure   Level  Hunger
a - Summon Butterflies    Summ           ###.....     6%          1    None

Your spell library contained the following spells:

 Spells                   Type           Power        Failure   Level  Hunger
 Beastly Appendage        Tmut           ###...       6%          1    None
 Corona                   Hex            ###....      6%          1    None
 Flame Tongue             Conj/Fire      ###..        6%          1    None
 Freeze                   Ice            ###.         6%          1    None
 Sandblast                Erth           ###...       6%          1    None
 Sting                    Conj/Pois      ###.         6%          1    None
 Ensorcelled Hibernation  Hex/Ice        ###...       9%          2    #......
 Poisonous Vapours        Pois/Air       ###...       9%          2    #......
 Sticks to Snakes         Tmut           ###.....     9%          2    #......
 Throw Frost              Conj/Ice       ###...       9%          2    #......
 Confuse                  Hex            ###.....     16%         3    ###....
 Conjure Flame            Conj/Fire      ###.....     16%         3    ###....
 Dazzling Spray           Conj/Hex       ###...       16%         3    ###....
 Mephitic Cloud           Conj/Pois/Air  ###.....     16%         3    ###....
 Ozocubu's Armour         Chrm/Ice       ###.....     16%         3    ###....
 Recall                   Summ/Tloc      N/A          16%         3    ###....
 Spider Form              Tmut/Pois      ###.......   16%         3    ###....
 Tukima's Dance           Hex            ###.....     16%         3    ###....
 Ice Form                 Ice/Tmut       ###.....     45%         4    ####...
 Leda's Liquefaction      Hex/Erth       ###.......   45%         4    ####...
 Olgreb's Toxic Radiance  Pois           ###.....     45%         4    ####...
 Summon Ice Beast         Ice/Summ       ###.....     45%         4    ####...
 Throw Icicle             Conj/Ice       ###.....     45%         4    ####...
 Blade Hands              Tmut           ###.......   78%         5    ######.
 Lee's Rapid Deconstruct  Erth           ###.......   78%         5    ######.
 Venom Bolt               Conj/Pois      ###.......   78%         5    ######.
 Freezing Cloud           Conj/Ice/Air   ###.......   100%        6    #######
 Statue Form              Tmut/Erth      ###......    100%        6    #######
 Ring of Flames           Chrm/Fire      ###.......   100%        7    #######
 Spellforged Servitor     Conj/Summ      ###.......   100%        7    #######
 Dragon's Call            Summ           ###.......   100%        9    #######


Dungeon Overview and Level Annotations

Branches:
Dungeon (15/15)            Temple (1/1) D:4            Lair (6/6) D:8
  Swamp (4/4) Lair:4       Spider (0/4) Lair:2        Slime (0/5) Lair:5
    Orc (2/2) D:11            Elf (0/3) Orc:2        Vaults (0/5) D:13
 Depths (1/5) D:15          IceCv (visited)         Gauntlet (visited)

Altars:
Ashenzari
Cheibriados
Dithmenos
Elyvilon
Fedhas
Gozag
Hepliaklqana
Kikubaaqudgha
Makhleb
Nemelex Xobeh
Okawaru
Qazlal
Ru
Sif Muna
Trog
Uskayaw
Vehumet
Wu Jian
Xom
Yredelemnul
Zin
The Shining One
Beogh
Lugonu

Shops:
D:6 **   D:7 *(   D:8 :   D:12 [   Orc:1 !   Orc:2 [?!(

Portals:
Abyss: Depths:1

Annotations:
D:10 2 transporters, wazuzu's ghost, novice GnFi


Innate Abilities, Weirdness & Mutations

Your experience applies equally to all skills.
You have very sharp teeth.
Your uncanny sense of smell can sniff out nearby items.
You are very dopey. (Int -4)
Your spells are a little harder to cast, but a little more powerful.
Your movements are slightly less encumbered by armour. (ER -2)


Message History

You block the hornet's attack. The hornet stings you.
You suddenly lose the ability to move!
The hornet stings you but does no damage.
The spriggan rider hits you but does no damage.
The hornet completely misses you.
The hornet stings you but does no damage.
The hornet stings you.
You shrug off the repeated paralysis!
The spriggan rider hits you from afar with a cursed +0 spear.
The shambling mangrove hits you!! The grasping roots constrict you!
You can move again.
As you read the scroll of teleportation, it crumbles to dust.
You feel strangely unstable. You block the hornet's attack. x2
The hornet stings you but does no damage.
The spriggan rider hits you from afar with a +1 spear of piercing!
* * * LOW HITPOINT WARNING * * *
x2 The spriggan rider hits you from afar with a cursed +0 spear!
* * * LOW HITPOINT WARNING * * *
You block the hornet's attack. The hornet closely misses you.
The shambling mangrove hits you!
You die...

.≈≈..≈.♣♣.♣ ♣..≈≈..≈≈.♣
≈♣♣≈≈.≈♣♣♣♣♣♣♣≈≈≈≈.≈≈≈≈♣
♣♣♣♣♣♣♣♣.≈§♣♣≈≈≈≈≈.≈≈≈♣♣
...♣♣♣♣≈%.≈♣♣♣≈≈≈≈...♣♣
....≈.§≈≈≈.§♣≈♣≈.≈≈.♣♣
.≈♣.§≈.≈≈≈≈≈.≈♣♣≈≈≈≈≈♣
♣♣...≈≈§≈≈≈≈♣≈≈≈≈≈.♣
♣♣..≈≈≈[≈..(.y♣.≈.♣
♣§..>.♣♣♣.≈y@♣♣♣♣♣
♣≈..≈.♣♣≈.≈yf..♣
♣♣♣≈....♣♣.≈ii.♣ ≈
♣♣....♣♣≈≈≈..♣ ≈
♣≈..♣..≈≈≈≈.≈ ≈
♣..≈♣♣.≈≈≈≈... .
≈≈≈≈...≈≈≈≈.≈♣♣ ♣
.§≈≈≈.≈≈≈≈≈.♣♣


You could see a shambling mangrove, 2 spriggan riders and 3 hornets.

Vanquished Creatures
  Jorgrun (D:14)
  A thorn hunter (Swamp:3)
  Agnes (D:14)
  Frances (Swamp:1)
  A fire giant (D:15)
  An orc warlord (Orc:1)
  Louise (D:14)
  2 stone giants
  An ironheart preserver (D:13)
  Azrael (D:13)
  A minotaur (Gauntlet)
  Snorg (Orc:1)
  Josephine (Swamp:1)
  A great orb of eyes (Abyss:2)
  4 shambling mangroves
  A ghost crab (Swamp:2)
  3 centaur warriors (D:13)
  19 hydras
  3 catoblepae (Lair:6)
  3 tengu warriors
  2 death knights
  7 two-headed ogres
  9 alligators
  An orc high priest (Orc:2)
  7 death yaks (Lair:6)
  A hell hog (Gauntlet)
  5 thrashing horrors (Abyss:2)
  3 wretched stars (Abyss:2)
  A spatial maelstrom (Abyss:2)
  3 unseen horrors
  A spriggan druid (Swamp:3)
  A wizard (D:14)
  A flayed ghost (Abyss:2)
  A glowing orange brain (Abyss:2)
  A golden dragon skeleton (Abyss:2)
  4 swamp dragons
  An iron dragon zombie (Abyss:2)
  A necromancer (Lair:5)
  4 orc sorcerers (Orc:2)
  The ghost of Lindell the Sneak, a novice HuWn of Makhleb (D:7)
  A wolf spider (Lair:2)
  A stone giant zombie (Abyss:2)
  5 cyclopes
  A deep elf mage (D:12)
  7 manticores
  12 slime creatures
  8 large abominations (Abyss:2)
  15 ugly things
  6 elephants (Lair:5)
  2 ice statues (IceCv)
  A black mamba (Lair:6)
  An eye of devastation (Gauntlet)
  3 smoke demons (Abyss:2)
  A gargoyle (D:10)
  6 centaur skeletons
  16 spiny frogs
  An orange demon (Abyss:2)
  4 rime drakes
  5 komodo dragons
  An ancient zyme (Abyss:2)
  3 tengu conjurers
  9 trolls
  A harpy skeleton (D:15)
  11 hornets
  5 tyrant leeches (Swamp:2)
  8 bog bodies
  33 blink frogs
  A meliai zombie (D:10)
  11 hippogriffs
  A flying skull (Abyss:2)
  10 small abominations
  A centaur simulacrum (D:15)
  A redback (Lair:2)
  4 spriggans
  2 shadows
  6 wraiths
  A ynoxinul (Abyss:2)
  5 wyverns
  81 yaks
  2 fire elementals
  6 fire bats
  A golden eye (Abyss:2)
  A basilisk (Lair:3)
  A steam dragon (D:7)
  A chaos spawn (Abyss:2)
  6 hungry ghosts
  A vampire mosquito (D:13)
  11 swamp worms
  14 insubstantial wisps
  An acid dragon (D:11)
  2 wargs (Orc:2)
  5 hell hounds
  9 water moccasins
  26 orc warriors
  A hornet zombie (D:7)
  19 porcupines
  6 swamp drakes
  A floating eye (Gauntlet)
  16 ice beasts
  3 eyes of draining
  A black bear (D:7)
  2 phantoms
  5 sky beasts
  2 elephant zombies (Lair:5)
  10 starcursed masses (Abyss:2)
  A necrophage (D:11)
  17 wolves
  3 ogres
  15 centaurs
  14 crocodiles
  A komodo dragon zombie (Lair:5)
  14 big kobolds
  22 bullfrogs
  6 scorpions
  10 wights
  6 killer bees (D:10)
  5 electric eels (Lair:5)
  4 howler monkeys
  A centaur zombie (D:10)
  17 crimson imps
  3 quasits
  A basilisk zombie (Lair:5)
  2 hounds
  11 jellies
  28 orc priests
  An iron imp (Abyss:2)
  39 orc wizards
  8 iguanas
  11 worker ants
  Natasha (D:2)
  A killer bee zombie (D:10)
  A crocodile zombie (Lair:5)
  A hound skeleton (D:6)
  Robin (D:2)
  A howler monkey zombie (D:7)
  6 worker ant zombies
  4 gnolls
  12 adders
  5 shadow imps
  3 white imps (D:13)
  5 oozes
  An adder zombie (D:5)
  An adder skeleton (D:5)
  4 worms
  2 dart slugs (D:1)
  4 leopard geckos
  82 orcs
  8 bats
  5 giant cockroaches
  20 goblins
  15 hobgoblins
  8 jackals
  5 quokkas
  2 ball pythons
  8 frilled lizards
  A jackal zombie (D:6)
  19 kobolds
  A quokka zombie (D:6)
  10 rats
  A bush (D:8)
  5 plants
1030 creatures vanquished.

Vanquished Creatures (collateral kills)
  A swamp drake (Swamp:3)
1 creature vanquished.

Vanquished Creatures (others)
  Nessos (D:14)
  A spriggan druid (Swamp:3)
  A cyclops (D:15)
  An ugly thing (IceCv)
  A hornet (Swamp:2)
  A shadow (D:12)
  2 spriggans (Swamp:3)
  6 centaurs
  An orc priest (Orc:2)
  3 orc wizards
  3 orcs
  A kobold (D:8)
  2 fungi
  22 plants
46 creatures vanquished.

Grand Total: 1077 creatures vanquished

Notes
Turn   | Place    | Note
-------+----------+-------------------------------------------
     0 | D:1      | Ijustatesigmund the Gnoll Fighter began the quest for the
                  | Orb.
     0 | D:1      | Reached XP level 1. HP: 23/23 MP: 1/1
   143 | D:1      | Reached XP level 2. HP: 28/29 MP: 2/2
   339 | D:1      | Reached XP level 3. HP: 33/35 MP: 3/3
   598 | D:1      | Reached skill level 1 in Invocations
   664 | D:2      | Reached skill level 1 in Short Blades
   664 | D:2      | Reached skill level 1 in Long Blades
   664 | D:2      | Reached skill level 1 in Axes
   664 | D:2      | Reached skill level 1 in Polearms
   664 | D:2      | Reached skill level 1 in Staves
   664 | D:2      | Reached skill level 1 in Slings
   664 | D:2      | Reached skill level 1 in Bows
   664 | D:2      | Reached skill level 1 in Crossbows
   664 | D:2      | Reached skill level 1 in Throwing
   664 | D:2      | Reached skill level 1 in Dodging
   664 | D:2      | Reached skill level 1 in Stealth
   664 | D:2      | Reached skill level 1 in Unarmed Combat
   664 | D:2      | Reached skill level 1 in Spellcasting
   664 | D:2      | Reached skill level 1 in Evocations
   692 | D:2      | Reached XP level 4. HP: 38/41 MP: 5/5
   842 | D:2      | Noticed Natasha
   847 | D:2      | Killed Natasha
   847 | D:2      | Reached skill level 1 in Conjurations
   847 | D:2      | Reached skill level 1 in Hexes
   847 | D:2      | Reached skill level 1 in Charms
   847 | D:2      | Reached skill level 1 in Summonings
   847 | D:2      | Reached skill level 1 in Necromancy
   847 | D:2      | Reached skill level 1 in Translocations
   847 | D:2      | Reached skill level 1 in Transmutations
   847 | D:2      | Reached skill level 1 in Fire Magic
   847 | D:2      | Reached skill level 1 in Ice Magic
   847 | D:2      | Reached skill level 1 in Air Magic
   847 | D:2      | Reached skill level 1 in Earth Magic
   847 | D:2      | Reached skill level 1 in Poison Magic
   847 | D:2      | Reached XP level 5. HP: 41/47 MP: 6/6
  1046 | D:2      | Noticed Robin
  1075 | D:2      | Killed Robin
  1494 | D:3      | Found a faded altar of an unknown god.
  1538 | D:3      | Reached XP level 6. HP: 28/53 MP: 8/8
  2231 | D:3      | Found a bloodstained altar of Trog.
  2632 | D:4      | Found a glowing golden altar of the Shining One.
  2660 | D:4      | Reached skill level 5 in Maces & Flails
  2888 | D:4      | Found a shimmering altar of Xom.
  2890 | D:4      | Found an ancient bone altar of Kikubaaqudgha.
  2891 | D:4      | Found a stormy altar of Qazlal.
  2891 | D:4      | Found a shattered altar of Ashenzari.
  3054 | D:4      | Found a staircase to the Ecumenical Temple.
  3092 | D:4      | Reached XP level 7. HP: 49/59 MP: 10/10
  3533 | D:5      | Entered Level 5 of the Dungeon
  3730 | Temple   | Entered the Ecumenical Temple
  3888 | Temple   | Became a worshipper of Warmaster Okawaru
  4404 | D:6      | Found Tfrel's Tempting Trifles.
  4412 | D:6      | Reached XP level 8. HP: 62/67 MP: 12/12
  4440 | D:6      | Reached * piety under Okawaru
  5111 | D:6      | Reached XP level 9. HP: 55/72 MP: 11/14
  5134 | D:6      | Got a pitted chain mail
  5140 | D:6      | Identified the +6 chain mail of Hedge Wizardry {*Slow rC+++
                  | Slay+2 SInv} (You found it on level 6 of the Dungeon)
  5260 | D:6      | Found Polat's Serpentskin Sales.
  5853 | D:7      | Found Muvaumua's Assorted Antiques.
  5857 | D:7      | Bought an embroidered hat for 203 gold pieces
  5878 | D:7      | Found a glowing silver altar of Zin.
  5947 | D:7      | Reached ** piety under Okawaru
  5992 | D:7      | Found Emubuuce's Weapon Emporium.
  6172 | D:7      | Found a runed translucent gate.
  6172 | D:7      | Found a runed translucent gate.
  6172 | D:7      | Found a runed translucent gate.
  6173 | D:7      | Identified the +10 dagger "Blob" {venom, *Contam rElec
                  | Int+5 SInv}
  6173 | D:7      | Noticed Lindell's ghost (novice HuWn)
  6211 | D:7      | Killed Lindell's ghost
  6235 | D:7      | Reached *** piety under Okawaru
  6235 | D:7      | Reached skill level 5 in Invocations
  6553 | D:7      | Reached XP level 10. HP: 80/80 MP: 17/17
  7102 | D:8      | Noticed a two-headed ogre
  7114 | D:8      | Killed a two-headed ogre
  7114 | D:8      | Reached **** piety under Okawaru
  7114 | D:8      | Reached skill level 5 in Short Blades
  7114 | D:8      | Reached skill level 5 in Long Blades
  7114 | D:8      | Reached skill level 5 in Axes
  7114 | D:8      | Reached skill level 5 in Polearms
  7114 | D:8      | Reached skill level 5 in Staves
  7114 | D:8      | Reached skill level 5 in Slings
  7114 | D:8      | Reached skill level 5 in Bows
  7114 | D:8      | Reached skill level 5 in Crossbows
  7114 | D:8      | Reached skill level 5 in Throwing
  7114 | D:8      | Reached skill level 5 in Dodging
  7114 | D:8      | Reached skill level 5 in Stealth
  7114 | D:8      | Reached skill level 5 in Unarmed Combat
  7114 | D:8      | Reached skill level 5 in Spellcasting
  7114 | D:8      | Reached skill level 5 in Evocations
  7120 | D:8      | Received a gift from Okawaru
  7122 | D:8      | Found a staircase to the Lair.
  7568 | D:8      | Found Jaask's Book Emporium.
  8384 | D:9      | Reached ***** piety under Okawaru
  8384 | D:9      | Reached XP level 11. HP: 83/87 MP: 19/19
  8736 | D:9      | Received a gift from Okawaru
  8744 | D:9      | Reached skill level 5 in Conjurations
  8744 | D:9      | Reached skill level 5 in Hexes
  8744 | D:9      | Reached skill level 5 in Charms
  8744 | D:9      | Reached skill level 5 in Summonings
  8744 | D:9      | Reached skill level 5 in Necromancy
  8744 | D:9      | Reached skill level 5 in Translocations
  8744 | D:9      | Reached skill level 5 in Transmutations
  8744 | D:9      | Reached skill level 5 in Fire Magic
  8744 | D:9      | Reached skill level 5 in Ice Magic
  8744 | D:9      | Reached skill level 5 in Air Magic
  8744 | D:9      | Reached skill level 5 in Earth Magic
  8744 | D:9      | Reached skill level 5 in Poison Magic
  9195 | D:10     | Entered Level 10 of the Dungeon
  9195 | D:10     | Noticed a two-headed ogre
  9207 | D:10     | Killed a two-headed ogre
  9674 | D:10     | Found a transporter.
  9675 | D:10     | Noticed wazuzu's ghost (novice GnFi)
  9702 | D:10     | Found a transporter.
  9717 | D:10     | Noticed a moth of wrath
 10009 | D:10     | Found a shimmering altar of Xom.
 10562 | D:11     | Noticed an unseen horror
 10574 | D:11     | Killed an unseen horror
 10574 | D:11     | Reached XP level 12. HP: 91/96 MP: 19/22
 10614 | D:11     | Found a staircase to the Orcish Mines.
 10687 | D:11     | Received a gift from Okawaru
 10702 | D:11     | Found a frozen archway.
 10801 | IceCv    | Entered an ice cave
 10840 | IceCv    | Found a transporter.
 10863 | IceCv    | Found a transporter.
 11346 | D:7      | Bought a +2 demon blade of freezing for 468 gold pieces
 11485 | D:11     | Upgraded the game from 0.24-a0-581-gc0fa6600bf to
                  | 0.24-a0-582-g4d4af813a0
 11598 | D:11     | Noticed a two-headed ogre
 11604 | D:11     | Killed a two-headed ogre
 11647 | D:11     | You fall into a shaft and drop 1 floor!
 12031 | D:11     | Reached skill level 10 in Fighting
 12031 | D:11     | Reached skill level 10 in Armour
 12031 | D:11     | Reached skill level 10 in Shields
 12230 | D:12     | Found Malant's Antique Armour Emporium.
 12253 | D:12     | Noticed a tengu warrior
 12264 | D:12     | Killed a tengu warrior
 12330 | D:12     | Noticed a death knight
 12337 | D:12     | Killed a death knight
 12337 | D:12     | Received a gift from Okawaru
 12337 | D:12     | Reached XP level 13. HP: 101/103 MP: 24/24
 12456 | D:12     | Reached ****** piety under Okawaru
 12528 | D:12     | Identified a scroll of acquirement
 12631 | D:12     | Received a gift from Okawaru
 12634 | D:12     | Got a faintly glowing arbalest {god gift}
 12635 | D:12     | Identified the +1 arbalest of the Pill Bug {velocity, *Slow
                  | Str-5 Int+6} (Okawaru gifted it to you on level 12 of the
                  | Dungeon)
 12939 | D:13     | Noticed Azrael
 13159 | D:13     | Killed Azrael
 13997 | D:13     | Received a gift from Okawaru
 14097 | D:13     | Received a gift from Okawaru
 14448 | D:13     | Reached XP level 14. HP: 97/111 MP: 26/26
 14479 | D:13     | Found a gate to the Vaults.
 14479 | D:13     | Noticed an ironheart preserver
 14497 | D:13     | Killed an ironheart preserver
 14979 | Lair:1   | Entered Level 1 of the Lair of Beasts
 15193 | Lair:1   | Reached skill level 10 in Maces & Flails
 16889 | Lair:2   | Found a hole to the Spider Nest.
 17160 | Lair:3   | Received a gift from Okawaru
 17194 | Lair:3   | Reached skill level 10 in Invocations
 17231 | Lair:3   | Found a gate leading to a gauntlet.
 17240 | Gauntlet | Entered a Gauntlet
 17240 | Gauntlet | Found a transporter.
 17240 | Gauntlet | Found a transporter.
 17242 | Gauntlet | Found a transporter.
 17242 | Gauntlet | Found a transporter.
 17264 | Gauntlet | Found a transporter.
 17268 | Gauntlet | Found a runed translucent door.
 17268 | Gauntlet | Found a runed translucent door.
 17272 | Gauntlet | Found a transporter.
 17276 | Gauntlet | Found a transporter.
 17289 | Gauntlet | Found a transporter.
 17300 | Gauntlet | Found a runed translucent gate.
 17301 | Gauntlet | Found a transporter.
 17301 | Gauntlet | Found a runed translucent gate.
 17302 | Gauntlet | Found a runed translucent gate.
 17316 | Gauntlet | Found a transporter.
 17320 | Gauntlet | Found a transporter.
 17328 | Gauntlet | Found a transporter.
 17405 | Gauntlet | Paralysed by a floating eye for 3 turns
 17469 | Gauntlet | Got a slimy ruby amulet
 17568 | Gauntlet | Got a faintly humming chain mail
 17579 | Gauntlet | Identified the +7 chain mail of Carr {Int+7} (You found it
                  | in a Gauntlet)
 17589 | Gauntlet | Identified the amulet "Xuwk" {Harm *Drain rF++ rC- rN+++
                  | Str+4} (You found it in a Gauntlet)
 17905 | Lair:3   | Received a gift from Okawaru
 17919 | Lair:3   | Got a translucent ring mail {god gift}
 17930 | Lair:3   | Identified the +2 ring mail of the Grue {*Slow Str+2 Int+7
                  | SInv} (Okawaru gifted it to you on level 3 of the Lair of
                  | Beasts)
 18549 | Lair:4   | Found a staircase to the Swamp.
 18664 | Lair:4   | Reached XP level 15. HP: 96/119 MP: 28/28
 19222 | Lair:5   | Found a staircase to the Slime Pits.
 19625 | Lair:5   | Found the +4 skin of Zhor {Hibernate rC+++ SInv}
 20263 | Lair:6   | Entered Level 6 of the Lair of Beasts
 20439 | Lair:6   | Received a gift from Okawaru
 21149 | Lair:6   | Reached skill level 10 in Short Blades
 21149 | Lair:6   | Reached skill level 10 in Long Blades
 21149 | Lair:6   | Reached skill level 10 in Axes
 21149 | Lair:6   | Reached skill level 10 in Polearms
 21149 | Lair:6   | Reached skill level 10 in Staves
 21149 | Lair:6   | Reached skill level 10 in Slings
 21149 | Lair:6   | Reached skill level 10 in Bows
 21149 | Lair:6   | Reached skill level 10 in Crossbows
 21149 | Lair:6   | Reached skill level 10 in Throwing
 21149 | Lair:6   | Reached skill level 10 in Dodging
 21149 | Lair:6   | Reached skill level 10 in Stealth
 21149 | Lair:6   | Reached skill level 10 in Unarmed Combat
 21149 | Lair:6   | Reached skill level 10 in Spellcasting
 21149 | Lair:6   | Reached skill level 10 in Evocations
 21888 | Lair:6   | Identified Sif Muna's Guide on Flames and Stones
 22131 | Orc:1    | Entered Level 1 of the Orcish Mines
 22169 | Orc:1    | Found a roughly hewn altar of Beogh.
 22173 | Orc:1    | Found Rocey's Distillery.
 22306 | Orc:1    | Noticed Snorg
 22318 | Orc:1    | Killed Snorg
 22353 | Orc:1    | Bought a potion of heal wounds for 65 gold pieces
 22378 | Orc:2    | Entered Level 2 of the Orcish Mines
 22444 | Orc:2    | Noticed an orc warlord
 22643 | Orc:1    | Killed an orc warlord
 23102 | Orc:2    | Paralysed by an orc sorcerer for 5 turns
 23680 | Orc:2    | Found a roughly hewn altar of Beogh.
 23692 | Orc:2    | Reached XP level 16. HP: 98/127 MP: 30/30
 23972 | Orc:2    | Found Vugrar's Weapon Shoppe.
 23972 | Orc:2    | Found Peuroz's Distillery.
 23973 | Orc:2    | Found Noserr's Antique Armour Emporium.
 23976 | Orc:2    | Found Oskuwkith's Magic Scroll Emporium.
 23982 | Orc:2    | Bought a scroll of teleportation for 42 gold pieces
 23982 | Orc:2    | Bought 2 scrolls of identify for 56 gold pieces
 23982 | Orc:2    | Bought a scroll of teleportation for 42 gold pieces
 23983 | Orc:2    | Bought a distressingly furry plate armour for 952 gold
                  | pieces
 23984 | Orc:2    | Bought a potion of mutation for 136 gold pieces
 23984 | Orc:2    | Bought a potion of mutation for 136 gold pieces
 23984 | Orc:2    | Bought a potion of mutation for 136 gold pieces
 23984 | Orc:2    | Identified the +1 plate armour "Sungoc" {rElec rC- Str+4
                  | Slay+2} (You bought it in a shop on level 2 of the Orcish
                  | Mines)
 23997 | Orc:2    | Gained mutation: You have a pair of small antennae on your
                  | head. [potion of mutation]
 23997 | Orc:2    | Gained mutation: Potions are less effective at restoring
                  | your health. [potion of mutation]
 23997 | Orc:2    | Gained mutation: You have extremely sharp teeth. [potion of
                  | mutation]
 23998 | Orc:2    | Lost mutation: Potions are less effective at restoring your
                  | health. [potion of mutation]
 23998 | Orc:2    | Lost mutation: You have a pair of small antennae on your
                  | head. [potion of mutation]
 23998 | Orc:2    | Lost mutation: You have extremely sharp teeth. [potion of
                  | mutation]
 23998 | Orc:2    | Gained mutation: Your spells are a little harder to cast,
                  | but a little more powerful. [potion of mutation]
 23998 | Orc:2    | Gained mutation: You are dopey. (Int -2) [potion of
                  | mutation]
 23998 | Orc:2    | Gained mutation: You are very dopey. (Int -4) [potion of
                  | mutation]
 23998 | Orc:2    | Gained mutation: Your movements are slightly less
                  | encumbered by armour. (ER -2) [potion of mutation]
 24187 | Orc:2    | Found a staircase to the Elven Halls.
 24357 | D:14     | Noticed Nessos
 24364 | D:14     | Killed Nessos
 24456 | D:14     | Received a gift from Okawaru
 24573 | D:14     | Noticed Jorgrun
 24578 | D:14     | Paralysed by a wizard for 3 turns
 24867 | D:14     | Killed Jorgrun
 25331 | D:15     | Entered Level 15 of the Dungeon
 25382 | D:15     | Received a gift from Okawaru
 25394 | D:15     | Found a staircase to the Depths.
 25400 | D:15     | Noticed Louise
 25413 | D:15     | Noticed Agnes
 25597 | D:14     | Killed Agnes
 25602 | D:14     | Cast into level 2 of the Abyss (Louise)
 25667 | Abyss:2  | Received a gift from Okawaru
 26118 | Abyss:2  | Received a gift from Okawaru
 26124 | Abyss:2  | Identified a +0 pair of boots of running (Okawaru gifted it
                  | to you on level 2 of the Abyss)
 26173 | Abyss:2  | Found a corrupted altar of Lugonu.
 26260 | Abyss:2  | Paralysed by accursed screaming for 1 turns
 26311 | Abyss:2  | Found a corrupted altar of Lugonu.
 26659 | D:14     | Escaped the Abyss
 26676 | D:14     | Killed Louise
 26696 | Depths:1 | Entered Level 1 of the Depths
 26698 | Depths:1 | Found a corrupted altar of Lugonu.
 26698 | Depths:1 | Found a one-way gate to the infinite horrors of the Abyss.
 26959 | D:15     | Identified the Grimoire of Calling
 27353 | D:15     | Learned a level 1 spell: Summon Butterflies
 27670 | Swamp:1  | Entered Level 1 of the Swamp
 28236 | Swamp:1  | Reached XP level 17. HP: 111/135 MP: 32/32
 28928 | Swamp:1  | Noticed Frances
 28940 | Swamp:1  | Killed Frances
 29508 | Swamp:1  | Noticed Josephine
 29519 | Swamp:1  | Killed Josephine
 30030 | Swamp:2  | Received a gift from Okawaru
 30652 | Swamp:2  | Paralysed by a hornet for 3 turns
 30993 | Swamp:2  | Received a gift from Okawaru
 31974 | Swamp:4  | Entered Level 4 of the Swamp
 32584 | Swamp:3  | Received a gift from Okawaru
 33026 | Swamp:3  | Paralysed by a hornet for 1 turns
 33028 | Swamp:3  | Slain by a shambling mangrove

Levels and vault maps discovered:
D:1:      lightli_arrival_chessboard, layout_basic, minmay_statues_item,
          serial_bayou_pond_b
D:2:      layout_basic, uniq_robin, uniq_natasha
D:3:      cheibrodos_pilgrimage, layout_loops_corners, bloody_trog,
          chequers_ecumenical_altar_simple_redux, grunt_ministairs_4,
          minmay_checkerbox
D:4:      layout_gridville, grunt_temple_overflow_open,
          minmay_temple_entry_from_below_b
D:5:      layout_basic, first_ration
D:6:      layout_layer_cave, serial_rivers, chequers_serial_rivers_room_b,
          chequers_serial_rivers_large_a, chequers_serial_rivers_micro_b,
          chequers_serial_rivers_small_b, nicolae_alphabet_shops,
          guppyfry_shop_venom
D:7:      layout_basic, basic_altar, gammafunk_ghost_nasty_kobolds,
          serial_shops, shop, nicolae_shop_temple_entry_statues_fountains
D:8:      layout_basic, david_lair_generic, serial_shops, shop, grunt_ogre_cave,
          kb_lookout_dungeons_type
D:9:      hangedman_cross_stitches, layout_long_grid
D:10:     wad_woods_stonehenge, layout_loops_ring,
          gammafunk_ghost_berserking_beasts, minmay_alternating_orb
D:11:     layout_roguey, orc_0_dummy, portal_ice_cave_rime,
          hangedman_abyss_or_decor_lesser_grid
D:12:     layout_roguey, serial_shops, shop, drop_trap, kb_tengu_band
D:13:     four-leaf_vault, layout_irregular_city,
          skrybe_vaults_entry_preservation, minmay_nine_imps, uniq_azrael
D:14:     layout_roguey, corexii_hall_statues_l, uniq_jorgrun, uniq_nessos
D:15:     grunt_enter_depths_giant_problem, layout_loops_ring,
          minmay_misc_feat_ornament, uniq_agnes, uniq_louise
Temple:   eino_temple_scatter_basement
Lair:1:   layout_long_grid, st_stairs_13, beast_lair_carwin_2
Lair:2:   layout_layer_cave, spider_nest_entry_funnel_web, lemuel_fruit_tree,
          serial_bayou_shore_a
Lair:3:   layout_hall_layers, gauntlet_entry_generic, grunt_megastairs_2,
          infiniplex_staircase_pool
Lair:4:   layout_regular_city, swamp_mist, ldierk_geyser
Lair:5:   pond_and_an_island_with_a_cottage, layout_small_grid,
          minmay_slime_entry_pillars
Lair:6:   evilmike_catoblepas_cave, layout_long_grid, grunt_forest_stairs_basic,
          serial_bayou_shore_b
Swamp:1:  layout_falls_marsh, hangedman_swamp_blocks, uniq_josephine,
          uniq_frances
Swamp:2:  layout_falls_marsh, evilmike_swamp_ruin_house_6
Swamp:3:  layout_basic_swamp, evilmike_swamp_ruin_house_2, swamp_pool4,
          nicolae_swamp_baby_hydras
Swamp:4:  swamp, layout_basic_swamp, swamp_pool3
Orc:1:    layout_caves, serial_shops, nicolae_shop_waterfront,
          lemuel_statue_altar, uniq_snorg
Orc:2:    st_orc_mages, layout_caves, basic_altar
Depths:1: layout_gridlike, hell_entry, abyss_entry_flame_altar,
          chequers_serial_rivers_micro_c, nrook_pool_corridor, tso_metal_star

Skill      XL: |  1  2  3  4  5  6  7  8  9 10 11 12 13 14 15 16 17 |
---------------+----------------------------------------------------+-----
Invocations    | 1 2 3 4 5 6 7 8 9 10 11 12 | 12.4
Short Blades   | 1 2 3 4 5 6 7 8 9 10 11 | 11.5
Long Blades    | 1 2 3 4 5 6 7 8 9 10 11 | 11.5
Axes           | 1 2 3 4 5 6 7 8 9 10 11 | 11.5
Polearms       | 1 2 3 4 5 6 7 8 9 10 11 | 11.5
Staves         | 1 2 3 4 5 6 7 8 9 10 11 | 11.5
Slings         | 1 2 3 4 5 6 7 8 9 10 11 | 11.5
Bows           | 1 2 3 4 5 6 7 8 9 10 11 | 11.5
Crossbows      | 1 2 3 4 5 6 7 8 9 10 11 | 11.5
Throwing       | 1 2 3 4 5 6 7 8 9 10 11 | 11.5
Dodging        | 1 2 3 4 5 6 7 8 9 10 11 | 11.5
Stealth        | 1 2 3 4 5 6 7 8 9 10 11 | 11.5
Unarmed Combat | 1 2 3 4 5 6 7 8 9 10 11 | 11.5
Spellcasting   | 1 2 3 4 5 6 7 8 9 10 11 | 11.5
Evocations     | 1 2 3 4 5 6 7 8 9 10 11 | 11.5
Conjurations   | 1 2 3 4 5 6 7 8 9 |  9.8
Hexes          | 1 2 3 4 5 6 7 8 9 |  9.8
Charms         | 1 2 3 4 5 6 7 8 9 |  9.8
Summonings     | 1 2 3 4 5 6 7 8 9 |  9.8
Necromancy     | 1 2 3 4 5 6 7 8 9 |  9.8
Translocations | 1 2 3 4 5 6 7 8 9 |  9.8
Transmutations | 1 2 3 4 5 6 7 8 9 |  9.8
Fire Magic     | 1 2 3 4 5 6 7 8 9 |  9.8
Ice Magic      | 1 2 3 4 5 6 7 8 9 |  9.8
Air Magic      | 1 2 3 4 5 6 7 8 9 |  9.8
Earth Magic    | 1 2 3 4 5 6 7 8 9 |  9.8
Poison Magic   | 1 2 3 4 5 6 7 8 9 |  9.8
Maces & Flails | 5 6 7 8 9 10 11 12 | 12.3
Fighting       | 7 8 9 10 11 12 13 | 13.0
Armour         | 7 8 9 10 11 12 13 | 13.0
Shields        | 7 8 9 10 11 12 13 | 13.0

Action                   |  1- 3 |  4- 6 |  7- 9 | 10-12 | 13-15 | 16-18 || total
-------------------------+-------+-------+-------+-------+-------+-------++-------
Melee: Flail             |   117 |   219 |   224 |   256 |     6 |       ||   822
       Bite              |    18 |    28 |    69 |   128 |   293 |   200 ||   736
       Morningstar       |       |       |   177 |   379 |       |       ||   556
       Demon blade       |       |       |       |   173 |  1486 |  1076 ||  2735
Throw: Throwing net      |       |       |       |       |     1 |       ||     1
Invok: Heroism           |       |       |     2 |     6 |     5 |     9 ||    22
       Finesse           |       |       |       |       |     1 |     3 ||     4
 Abil: Stop Flying       |       |       |       |     1 |       |     1 ||     2
       Evoke Flight      |       |       |       |       |       |     1 ||     1
Evoke: Wand              |       |       |       |     6 |    21 |    17 ||    44
  Use: Scroll            |     6 |     3 |     8 |    14 |    16 |    15 ||    62
       Potion            |       |       |       |     1 |       |    14 ||    15
 Stab: Sleeping          |       |       |       |       |     4 |     8 ||    12
       Petrified         |       |       |       |       |     8 |       ||     8
       Held in net/web   |       |       |       |       |     2 |       ||     2
       Distracted        |       |       |       |       |       |     3 ||     3
  Eat: Chunk             |       |     6 |     9 |    12 |    29 |     8 ||    64
       Ration            |       |       |     1 |     3 |     3 |     7 ||    14
Armor: Scale mail        |    48 |    88 |    93 |       |       |       ||   229
       Chain mail        |       |       |    34 |   235 |   359 |   215 ||   843
Dodge: Dodged            |    48 |    69 |   107 |   213 |   296 |   258 ||   991
       Deflected         |       |       |     2 |     6 |    15 |    10 ||    33
Block: Shield            |    65 |   124 |   303 |   724 |    36 |       ||  1252
       Reflection        |       |       |     4 |    16 |    61 |    19 ||   100
       Large shield      |       |       |       |       |  1526 |  1006 ||  2532
       Rpst.: Demon blade |       |       |       |    15 |    87 |    48 ||   150

Table legend:
 A = Non-vault XP
 B = Vault XP
 C = Vault XP percentage of total XP
 D = Non-vault monster count
 E = Vault monster count
 F = Vault count percentage of total count
                 A         B        C        D         E       F
            +---------+---------+-------+---------+---------+-------
      Total |  161888 |   65808 |  28.9 |     794 |     245 |  23.6
            +---------+---------+-------+---------+---------+-------
        D:1 |      62 |       5 |   7.5 |      30 |       3 |   9.1
        D:2 |      89 |      75 |  45.7 |      25 |      14 |  35.9
        D:3 |      51 |     142 |  73.6 |      21 |      11 |  34.4
        D:4 |     417 |       0 |   0.0 |      15 |       0 |   0.0
        D:5 |     652 |       0 |   0.0 |      18 |       0 |   0.0
        D:6 |     958 |      14 |   1.4 |      31 |       1 |   3.1
        D:7 |    1817 |    1767 |  49.3 |      36 |      13 |  26.5
        D:8 |    1566 |     650 |  29.3 |      18 |       4 |  18.2
        D:9 |    2535 |     754 |  22.9 |      21 |       8 |  27.6
       D:10 |    3429 |    2570 |  42.8 |      33 |      22 |  40.0
       D:11 |    8737 |     762 |   8.0 |      49 |       2 |   3.9
       D:12 |    8366 |    1433 |  14.6 |      51 |       3 |   5.6
       D:13 |    7038 |   12089 |  63.2 |      23 |      37 |  61.7
       D:14 |    3804 |    7667 |  66.8 |      17 |       4 |  19.0
       D:15 |   12381 |    1654 |  11.8 |      31 |       1 |   3.1
     Lair:1 |    3771 |     502 |  11.7 |      10 |       4 |  28.6
     Lair:2 |    6053 |     785 |  11.5 |      35 |       2 |   5.4
     Lair:3 |    8198 |     676 |   7.6 |      35 |       6 |  14.6
     Lair:4 |    4676 |       0 |   0.0 |      20 |       0 |   0.0
     Lair:5 |   11146 |    1154 |   9.4 |      38 |      10 |  20.8
     Lair:6 |    4817 |   12147 |  71.6 |      21 |      23 |  52.3
    Swamp:1 |   11435 |    4150 |  26.6 |      22 |       7 |  24.1
    Swamp:2 |   13823 |       0 |   0.0 |      45 |       0 |   0.0
    Swamp:3 |   12822 |    3583 |  21.8 |      26 |       4 |  13.3
    Swamp:4 |    5185 |       0 |   0.0 |      11 |       0 |   0.0
      Orc:1 |    4326 |    1168 |  21.3 |      22 |       1 |   4.3
      Orc:2 |    3007 |    4733 |  61.1 |      37 |      40 |  51.9
   Depths:1 |    1392 |       0 |   0.0 |       1 |       0 |   0.0
    Abyss:2 |   19335 |     832 |   4.1 |      52 |       1 |   1.9
      IceCv |       0 |    2193 | 100.0 |       0 |       9 | 100.0
   Gauntlet |       0 |    4303 | 100.0 |       0 |      15 | 100.0
            +---------+---------+-------+---------+---------+-------
